 Dungeon Crawl Stone Soup version 0.31.0-11-ge490571c62 (webtiles) character file.

Game seed: 3921987122337286150

93974 dorian the Spear-Bearer (level 16, -10/90 HPs)
             Began as a Vine Stalker Warper on Jan 26, 2024.
             Was a Follower of Uskayaw.
             Mangled by Jorgrun
             ... wielding a staff of earth
              (22 damage)
             ... on level 14 of the Dungeon.
             The game lasted 00:42:14 (20737 turns).

dorian the Spear-Bearer (Vine Stalker Warper)      Turns: 20737, Time: 00:42:15

Health: -10/90     AC: 18    Str: 14    XL:     16   Next: 10%
Magic:  0/22       EV: 21    Int: 11    God:    Uskayaw [*.....]
Gold:   2713       SH:  8    Dex: 25    Spells: 17/19 levels left

rFire   . . .        k - +8 trident of the Octopus King {venom, rElec rPois}
rCold   + + +        p - +1 buckler {reflect}
rNeg    . . .        K - +0 acid dragon scales
rPois   +            m - +0 helmet
rElec   +            J - +1 cloak of Ysoplos {rElec Dex+3}
rCorr   +            f - +0 pair of gloves
SInv    .            i - +1 pair of boots
Will    ++...        u - amulet "Vucogh" {RegenMP rElec rPois rC++ Int-2}
Stlth   ++           Q - +4 ring of protection
HPRegen 1.15/turn    D - ring of protection from cold
MPRegen 0.58/turn

%: reflection, guardian spirit
@: no status effects
A: fangs 3, regeneration 1, magic shield, antimagic bite, no potion heal 2
a: Renounce Religion, Stomp


You were on level 14 of the Dungeon.
You worshipped Uskayaw.
Uskayaw was noncommittal.
You visited 4 branches of the dungeon, and saw 22 of its levels.

You collected 2713 gold pieces.

Inventory:

Hand Weapons
 a - a +1 rapier of venom
 k - the +8 trident of the Octopus King (weapon) {venom, rElec rPois}
   (You found it on level 7 of the Dungeon)

   rElec:     It insulates you from electricity.
   rPois:     It protects you from poison
 Z - a +0 short sword of holy wrath
Missiles
 g - 32 poisoned darts
 G - 7 darts of dispersal (quivered)
 X - 4 curare-tipped darts
Armour
 f - a +0 pair of gloves (worn)
 i - a +1 pair of boots (worn)
 m - a +0 helmet (worn)
 p - a +1 buckler of reflection (worn)
 H - a +0 buckler
 J - the +1 cloak of Ysoplos (worn) {rElec Dex+3}
   (You acquired it on level 8 of the Dungeon)

   Dex+3:     It affects your dexterity (+3).
   rElec:     It insulates you from electricity.
 K - +0 acid dragon scales (worn)
Jewellery
 b - a ring of magical power
 u - the amulet "Vucogh" (around neck) {RegenMP rElec rPois rC++ Int-2}
   (You found it on level 8 of the Dungeon)

   [amulet of magic regeneration]

   RegenMP:   It increases your rate of magic regeneration.
   Int-2:     It affects your intelligence (-2).
   rC++:      It greatly protects you from cold.
   rElec:     It insulates you from electricity.
   rPois:     It protects you from poison
 x - the ring "Mearghu" {Ice rN+}
   (You found it on level 4 of the Dungeon)

   [ring of ice]

   Ice:       It enhances your ice magic.
   rF-:       It makes you vulnerable to fire.
   rC+:       It protects you from cold.
   rN+:       It protects you from negative energy.
 D - a ring of protection from cold (right hand)
 Q - a +4 ring of protection (left hand)
Wands
 j - a wand of mindburst (10)
 l - a wand of light (9)
 v - a wand of digging (4)
 O - a wand of iceblast (10)
 P - a wand of charming (20)
Scrolls
 r - 9 scrolls of identify
 t - 4 scrolls of teleportation
 y - 3 scrolls of amnesia
 z - 3 scrolls of blinking
 B - a scroll of butterflies
 M - 4 scrolls of enchant armour
 N - 2 scrolls of fog
 R - 4 scrolls of torment
 S - 2 scrolls of enchant weapon
 T - a scroll of noise
 V - 2 scrolls of poison
 W - 2 scrolls of revelation
Potions
 c - 7 potions of lignification
 d - a potion of might
 e - 6 potions of brilliance
 h - a potion of haste
 n - 2 potions of resistance
 q - 6 potions of curing
 s - 5 potions of cancellation
 w - 7 potions of heal wounds
 A - 3 potions of degeneration
 C - 6 potions of enlightenment
 E - 3 potions of mutation
 I - 2 potions of ambrosia
 L - 2 potions of attraction
 U - 2 potions of berserk rage
 Y - a potion of magic
Miscellaneous
 o - a phial of floods


   Skills:
 + Level 12.4 Fighting
 + Level 7.9 Short Blades
 - Level 14.0 Polearms
 - Level 0.8 Throwing
 + Level 6.2 Armour
 + Level 11.4 Dodging
 - Level 8.0 Shields
 - Level 2.1 Spellcasting
 - Level 3.0 Translocations
 + Level 6.7 Invocations


You had 17 spell levels left.
You knew the following spells:

 Your Spells              Type           Power      Damage    Failure   Level
a - Blink                 Tloc           14%        N/A       22%         2

Your spell library contained the following spells:

 Spells                   Type           Power      Damage    Failure   Level
 Lesser Beckoning         Tloc           14%        N/A       22%         2
 Gell's Gravitas          Tloc           7%         N/A       41%         3
 Teleport Other           Tloc           7%         N/A       41%         3
 Magic Dart               Conj           4%         1d3       45%         1
 Ensorcelled Hibernation  Hex/Ice        2%         N/A       58%         2
 Mercury Vapours          Alch/Air       2%         N/A       58%         2
 Searing Ray              Conj           2%         2d4       58%         2
 Volatile Blastmotes      Fire/Tloc      8%         2d10      63%         3
 Manifold Assault         Tloc           7%         N/A       82%         4
 Call Canine Familiar     Summ           1%         N/A       83%         3
 Dazzling Flash           Conj/Hex       2%         N/A       83%         3
 Fugue of the Fallen      Necr           1%         N/A       83%         3
 Inner Flame              Hex/Fire       1%         N/A       83%         3
 Mephitic Cloud           Conj/Alch/Air  1%         N/A       83%         3
 Ozocubu's Armour         Ice            1%         N/A       83%         3
 Passwall                 Erth           1%         N/A       83%         3
 Sigil of Binding         Hex            1%         N/A       83%         3
 Swiftness                Air            1%         N/A       83%         3
 Dimensional Bullseye     Hex/Tloc       2%         N/A       95%         4
 Vhi's Electric Charge    Tloc/Air       8%         N/A       95%         4
 Fulminant Prism          Conj/Alch      0%         3d5       99%         4
 Freezing Cloud           Conj/Ice/Air   0%         6-21      100%        5
 Irradiate                Conj/Alch      0%         3d11      100%        5
 Metabolic Englaciation   Hex/Ice        0%         N/A       100%        5
 Dispersal                Tloc           3%         N/A       100%        6
 Sculpt Simulacrum        Ice/Alch       0%         N/A       100%        6
 Starburst                Conj/Fire      0%         6d3       100%        6
 Ignition                 Fire           0%         3d3       100%        8
 Maxwell's Capacitive Co  Air            0%         ∞         100%        8


Dungeon Overview and Level Annotations

Branches:
Dungeon (14/15) Zot: 26662  Temple (1/1) D:4 Zot: 5959    Lair (5/5) D:9 Zot: 24726
 Shoals (0/4) Lair:3        Snake (0/4) Lair:2        Slime (0/5) Lair:5
    Orc (2/2) D:9 Zot: 9842     Elf (0/3) Orc:2        Vaults (0/5) D:13

Altars:
Ashenzari
Cheibriados
Dithmenos
Elyvilon
Fedhas
Gozag
Hepliaklqana
Kikubaaqudgha
Makhleb
Nemelex Xobeh
Okawaru
Qazlal
Ru
Sif Muna
Trog
Uskayaw
Vehumet
Wu Jian
Xom
Yredelemnul
Zin
The Shining One
Jiyva

Shops:
D:1 :   D:13 ?   Orc:2 =*[:(

Annotations:
D:4 1 runed translucent door, tsouns's ghost, amateur MfSh
D:6 2 transporters, nicanaca0's ghost, novice MiBe
D:12 1 runed translucent door, Turgon's ghost, journeyman DgDe
D:14 Jorgrun


Innate Abilities, Weirdness & Mutations

You have razor-sharp teeth.
Your natural rate of healing is unusually fast.
When hurt, damage is shared between your health and your magic reserves.
Your bite disrupts and absorbs the magic of your enemies.
Potions cannot restore your health.


Message History

Jorgrun's magic is no longer disrupted.
Jorgrun gestures at you while chanting.
Your +1 buckler of reflection blocks the iron shot... and reflects it back!
The iron shot hits Jorgrun!
You puncture Jorgrun!
Jorgrun looks as sick as possible!
You bite Jorgrun.
Jorgrun's magic leaks into the air.
You drain his magic.
You feel invigorated.
Jorgrun is severely wounded.
Jorgrun closely misses you.
You can now pass through a line of other dancers.
You hit Jorgrun. Your bite misses Jorgrun.
Jorgrun is severely wounded.
You hit Jorgrun.
Jorgrun looks as sick as possible!
You bite Jorgrun.
Jorgrun's magic leaks into the air.
You drain his magic.
You feel invigorated.
Jorgrun is severely wounded.
Jorgrun falters for a moment.
You hit Jorgrun.
Jorgrun looks as sick as possible!
Your bite misses Jorgrun.
Jorgrun is severely wounded.
Jorgrun casts a spell next to you.
The wall shatters!
The blast of rock fragments hits you!
You closely miss Jorgrun. Your bite misses Jorgrun.
Jorgrun is severely wounded.
You closely miss Jorgrun.
Jorgrun is severely wounded.
Jorgrun says, "'tis place shall be yer tomb!"
Jorgrun hits you but does no damage. The ground beneath you fractures!!
* * * LOW HITPOINT WARNING * * *
Aiming: Line Pass
Press: ? - help, Dir - move target, p - Jorgrun Jorgrun appears confused.
You can no longer pass through a line of other dancers.
Jorgrun ponders the situation.
Jorgrun hits himself with a staff of earth.
The ground beneath Jorgrun fractures.
You hit Jorgrun but do no damage.
Jorgrun looks as sick as possible!
Jorgrun is almost dead.
Jorgrun gestures wildly.
Jorgrun hits you with a staff of earth!
* * * LOW HITPOINT WARNING * * *
The ground beneath you fractures!!
You die...

#..#####..###.⌠.### #..#
#...#.#.###. #..#
#..#.#.###.# # #..#
#.#.⌠.###.⌠. # #..#
#..#.###.#.# #.###..#
##.####.#### ##......#
#..##.⌠.##.
.......#######...##.##..
.......@g.......#.†#..#.
###############.##...##.
#......... ##########


You could see Jorgrun (confused, extremely poisoned, magic disrupted).

Vanquished Creatures
  Frances (D:12)
  A frost giant (D:13)
  Josephine (D:11)
  Harold (Orc:1)
  3 hydras
  3 vault guards (D:13)
  13 two-headed ogres
  3 ogre magi
  6 death yaks (Lair:3)
  4 boulder beetles
  A centaur warrior (D:13)
  A tengu warrior (D:14)
  3 orc high priests (Orc:2)
  A fire crab (Lair:5)
  A deep elf knight (D:13)
  2 skysharks (Lair:5)
  A lindwurm (Lair:3)
  2 arcanists (D:11)
  2 deep elf pyromancers
  7 ugly things (D:11)
  6 orc knights
  6 orc sorcerers
  2 manticores (D:13)
  10 elephants
  11 cyclopes
  5 black mambas
  3 meliai (D:13)
  3 kobold blastminers
  3 gargoyles (D:13)
  12 cane toads
  3 rime drakes
  11 komodo dragons
  A yaktaur (D:13)
  Psyche (D:11)
  2 freezing wraiths (D:14)
  5 trolls
  8 polar bears
  30 blink frogs
  A raiju (shapeshifter) (D:13)
  4 hornets
  21 dream sheep
  5 slime creatures
  2 shadows
  6 wraiths
  A vampire (D:9)
  12 spriggans (Lair:5)
  6 wyverns
  39 yaks
  A basilisk (Lair:5)
  A warg (Orc:2)
  11 vampire mosquitoes
  A steam dragon (D:10)
  21 water moccasins
  Duvessa (D:4)
  3 acid dragons
  13 orc warriors
  4 boggarts (Lair:5)
  A sky beast (D:7)
  4 black bears
  2 ice beasts
  6 centaurs
  19 wolves
  11 ogres
  2 phantoms
  2 gnoll sergeants (D:9)
  3 scorpions
  8 bullfrogs
  Dowan (D:4)
  11 killer bees
  6 howler monkeys
  A jelly (D:8)
  18 orc priests
  2 bombardier beetles
  6 hounds
  4 sleepcaps
  3 iguanas
  25 orc wizards
  13 gnolls
  6 adders
  A shadow imp (D:5)
  3 white imps
  3 dart slugs
  4 ribbon worms
  64 orcs
  6 ball pythons
  9 endoplasms
  2 giant cockroaches
  7 goblins
  5 hobgoblins
  2 jackals (D:1)
  7 kobolds
  2 quokkas
  8 bats
  A frilled lizard (D:3)
  5 rats
615 creatures vanquished.

Notes
Turn   | Place    | Note
-------+----------+-------------------------------------------
     0 | D:1      | dorian the Vine Stalker Warper began the quest for the Orb.
     0 | D:1      | Reached XP level 1. HP: 11/11 MP: 4/4
     3 | D:1      | Noticed an electric eel
     4 | D:1      | Noticed an electric eel
   165 | D:1      | Reached XP level 2. HP: 12/15 MP: 1/6
   252 | D:1      | Found Neffyom's Book Emporium.
   468 | D:1      | Reached XP level 3. HP: 18/18 MP: 7/7
  1194 | D:2      | Reached XP level 4. HP: 20/23 MP: 4/8
  1551 | D:3      | Found a broken altar of Ashenzari.
  1564 | D:3      | Reached XP level 5. HP: 9/28 MP: 3/9
  2277 | D:4      | Reached XP level 6. HP: 31/32 MP: 10/10
  2344 | D:4      | Found a staircase to the Ecumenical Temple.
  2374 | D:4      | Identified the ring "Mearghu" {Ice rN+}
  2447 | D:4      | Noticed a black bear
  2474 | D:4      | Killed a black bear
  2513 | D:4      | Noticed Duvessa
  2556 | D:4      | Noticed a black bear
  2568 | D:3      | Killed a black bear
  2639 | D:4      | Reached XP level 7. HP: 36/36 MP: 11/11
  2770 | D:4      | Reached skill level 5 in Short Blades
  2903 | D:4      | Found a runed translucent door.
  2929 | D:4      | Learned a level 2 spell: Blink
  2997 | D:4      | Found an ancient bone altar of Kikubaaqudgha.
  3032 | D:4      | Noticed Dowan
  3109 | Temple   | Entered the Ecumenical Temple
  3129 | Temple   | Became a worshipper of Uskayaw the Reveller
  3212 | D:4      | Noticed tsouns's ghost (amateur MfSh)
  3296 | D:4      | Reached * piety under Uskayaw
  3303 | D:4      | Reached ** piety under Uskayaw
  3307 | D:4      | Killed Duvessa
  3309 | D:4      | Reached *** piety under Uskayaw
  3310 | D:4      | Killed Dowan
  3408 | D:5      | Entered Level 5 of the Dungeon
  3458 | D:5      | Gained mutation: You have razor-sharp teeth. [Vine Stalker
                  | growth]
  3458 | D:5      | Reached XP level 8. HP: 41/42 MP: 12/12
  3720 | D:5      | Reached **** piety under Uskayaw
  4427 | D:6      | Found a transporter.
  4589 | D:6      | Found a bloodstained altar of Trog.
  4631 | D:6      | Reached skill level 5 in Fighting
  4674 | D:6      | Found a transporter.
  5032 | D:6      | Reached XP level 9. HP: 41/47 MP: 13/13
  5126 | D:6      | Found a sparkling altar of Nemelex Xobeh.
  5194 | D:6      | Noticed nicanaca0's ghost (novice MiBe)
  5442 | D:7      | Found a radiant altar of Vehumet.
  5521 | D:7      | Reached skill level 5 in Dodging
  5769 | D:7      | Found the +8 trident of the Octopus King {venom, rElec
                  | rPois}
  5847 | D:7      | Noticed a hornet
  5852 | D:7      | Killed a hornet
  5853 | D:7      | Reached skill level 1 in Polearms
  5917 | D:7      | Found a basalt altar of Yredelemnul.
  6104 | D:7      | Reached skill level 2 in Polearms
  6257 | D:8      | Identified the amulet "Vucogh" {RegenMP rElec rPois rC++
                  | Int-2}
  6280 | D:8      | Identified the +4 glaive of Dismemberment {venom, Will+
                  | Str+3 Int+2}
  6382 | D:8      | Reached skill level 3 in Polearms
  6462 | D:8      | Found a shimmering altar of Xom.
  6463 | D:8      | Found a shimmering altar of Xom.
  6465 | D:8      | Found a shimmering altar of Xom.
  6465 | D:8      | Found a shimmering altar of Xom.
  6465 | D:8      | Found a shimmering altar of Xom.
  6465 | D:8      | Found a shimmering altar of Xom.
  6466 | D:8      | Found a shimmering altar of Xom.
  6921 | D:8      | Identified a scroll of acquirement
  6921 | D:8      | Acquired the +1 cloak of Ysoplos {rElec Dex+3}
  7132 | D:9      | Found an iron altar of Okawaru.
  7159 | D:9      | Reached skill level 4 in Polearms
  7166 | D:9      | Reached ***** piety under Uskayaw
  7197 | D:9      | Reached XP level 10. HP: 48/53 MP: 11/14
  7266 | D:9      | Reached skill level 1 in Shields
  7308 | D:9      | Noticed a two-headed ogre
  7317 | D:9      | Killed a two-headed ogre
  7318 | D:9      | Reached skill level 5 in Polearms
  7387 | D:9      | Found a glowing golden altar of the Shining One.
  7495 | D:9      | Found a white marble altar of Elyvilon.
  7556 | D:9      | Reached skill level 6 in Polearms
  7646 | D:9      | Found a staircase to the Lair.
  7656 | D:9      | Reached XP level 11. HP: 58/58 MP: 15/15
  7764 | D:9      | Found a staircase to the Orcish Mines.
  7866 | D:9      | Reached skill level 7 in Polearms
  7921 | D:10     | Entered Level 10 of the Dungeon
  8437 | D:10     | Noticed a two-headed ogre
  8442 | D:10     | Killed a two-headed ogre
  8790 | D:11     | Noticed a two-headed ogre
  8797 | D:11     | Killed a two-headed ogre
  8983 | D:11     | Noticed a deep elf pyromancer
  8991 | D:11     | Killed a deep elf pyromancer
  9055 | D:11     | Noticed a green ugly thing
  9055 | D:11     | Noticed a red ugly thing
  9055 | D:11     | Noticed a purple ugly thing
  9055 | D:11     | Noticed Josephine
  9056 | D:11     | Noticed a cyan ugly thing
  9107 | D:11     | Noticed a purple ugly thing
  9130 | D:11     | Killed a purple ugly thing
  9131 | D:11     | Reached skill level 8 in Polearms
  9497 | D:11     | Killed Josephine
  9547 | D:11     | Noticed a two-headed ogre
  9554 | D:11     | Killed a two-headed ogre
  9555 | D:11     | Reached skill level 5 in Shields
  9672 | D:11     | Killed a green ugly thing
  9683 | D:11     | Noticed a brown ugly thing
  9847 | D:11     | Killed a white ugly thing
  9852 | D:11     | Killed a red ugly thing
  9853 | D:11     | Reached XP level 12. HP: 53/65 MP: 13/16
  9858 | D:11     | Reached skill level 9 in Polearms
  9864 | D:11     | Reached ****** piety under Uskayaw
 10130 | Orc:1    | Entered Level 1 of the Orcish Mines
 10131 | Orc:1    | Found Fosuehe's Distillery.
 10161 | Orc:1    | Noticed Harold
 10567 | Orc:1    | Killed Harold
 10639 | Orc:1    | Found a burning altar of Makhleb.
 10709 | Orc:1    | Noticed a sun demon
 10719 | Orc:1    | Noticed a sun demon
 10877 | Orc:2    | Entered Level 2 of the Orcish Mines
 10914 | Orc:2    | Found Voyhozoc's Jewellery Shoppe.
 10922 | Orc:2    | Paralysed by an orc sorcerer for 2 turns
 10977 | Orc:2    | Reached skill level 10 in Polearms
 11072 | Orc:2    | Found a staircase to the Elven Halls.
 11310 | Orc:2    | Noticed an ogre mage
 11310 | Orc:2    | Noticed an orc high priest
 11356 | Orc:2    | Killed an ogre mage
 11361 | Orc:2    | Killed an orc high priest
 11608 | Orc:2    | Noticed an orc high priest
 11608 | Orc:2    | Noticed an ogre mage
 11625 | Orc:2    | Killed an orc high priest
 11626 | Orc:2    | Killed an ogre mage
 11627 | Orc:2    | Reached XP level 13. HP: 34/70 MP: 11/17
 12173 | Orc:2    | Paralysed by an orc sorcerer for 3 turns
 12184 | Orc:2    | Reached skill level 11 in Polearms
 12236 | Orc:2    | Found Wacecsu's Assorted Antiques.
 12236 | Orc:2    | Found Oteosa's Antique Weapon Shop.
 12238 | Orc:2    | Found Taxaonoa's Book Shop.
 12238 | Orc:2    | Found Pewu's Armour Emporium.
 12402 | Lair:1   | Entered Level 1 of the Lair of Beasts
 12767 | Lair:1   | Reached skill level 10 in Fighting
 13636 | Lair:2   | Found a staircase to the Snake Pit.
 14103 | Lair:2   | Reached skill level 12 in Polearms
 14684 | Lair:3   | Reached skill level 1 in Armour
 14807 | Lair:3   | Reached XP level 14. HP: 58/77 MP: 18/18
 15071 | Lair:3   | Found a staircase to the Shoals.
 15445 | Lair:3   | Reached skill level 1 in Invocations
 15523 | Lair:4   | Reached skill level 10 in Dodging
 15818 | Lair:4   | Reached skill level 13 in Polearms
 16165 | Lair:5   | Entered Level 5 of the Lair of Beasts
 16450 | Lair:5   | Found a staircase to the Slime Pits.
 16450 | Lair:5   | Found a viscous altar of Jiyva.
 16815 | Lair:5   | Found an ornate altar of the Wu Jian Council.
 17087 | Lair:5   | Reached XP level 15. HP: 62/83 MP: 19/19
 18057 | D:12     | Noticed Psyche
 18187 | D:11     | Killed Psyche
 18191 | D:11     | Reached skill level 14 in Polearms
 18517 | D:12     | Found a runed translucent door.
 18520 | D:12     | Noticed Turgon's ghost (journeyman DgDe)
 18520 | D:12     | Identified the +4 trident of Distant Shores {elec, rN+}
 18528 | D:12     | Noticed Frances
 18548 | D:12     | Killed Frances
 18934 | D:13     | Found The Oracle's Delphic Readings.
 19036 | D:13     | Reached skill level 5 in Armour
 19036 | D:13     | Reached skill level 5 in Invocations
 19287 | D:13     | Identified the +7 quarterstaff of Friendship {speed, *Slow
                  | rN+++ rCorr Int+6}
 19287 | D:13     | Noticed a frost giant
 19316 | D:13     | Killed a frost giant
 20247 | D:13     | Found a gate to the Vaults.
 20253 | D:13     | Reached XP level 16. HP: 39/89 MP: 21/21
 20713 | D:14     | Noticed Jorgrun
 20737 | D:14     | Mangled by Jorgrun

Illustrated notes

Levels and vault maps discovered:
D:1:      arrival_aquarium_b, layout_loops_corners, serial_shops, shop,
          chequers_serial_rivers_micro_d, grunt_decor_arrowhead
D:2:      layout_rooms, kennysheep_nondescript, hangedman_abyss_or_decor_stabs
D:3:      layout_rooms, mainiacjoe_overflow_alcove_2,
          hangedman_decor_clover_reticule
D:4:      layout_cave_pods, nicolae_overflow_hidden_temple,
          minmay_temple_entry_butterflies, ebering_ghost_sewer_d,
          kennysheep_orc_chapel, uniq_duvessa
D:5:      layout_gridville
D:6:      layout_gridville, trog_butcher_becter, amcnicky_altar_gilded,
          gammafunk_ghost_stat_death, solitary_fountain, corexii_hall_statues_l
D:7:      layout_gridville, vehumet_crystals, mainiacjoe_overflow_paths
D:8:      layout_loops_cross, xom_shifter_show
D:9:      layout_rooms, tso_metal_star, lemuel_crystal_altar,
          mainiacjoe_overflow_24_doors, erik_lair_dragon, david_orc_3,
          serial_glass, glass_columns_c, glass_columns_a,
          minmay_strange_pillars, item_on_display_b, feat_on_display,
          item_on_display_a
D:10:     layout_basic
D:11:     cheibrodos_breeding_chamber, layout_long_grid, uniq_josephine
D:12:     layout_cave_pools, ebering_ghost_funeral_grove, serial_column_ruins,
          column_ruins_hut, column_ruins_circle_large, column_ruins_open_small,
          column_ruins_open_medium, column_ruins_grid_1, column_ruins_grid_2,
          column_ruins_columns_straight, column_ruins_open_small, uniq_psyche,
          uniq_frances
D:13:     cheibrodos_monumental, layout_cave_pods, grunt_vaults_entry_fortified,
          nicolae_nh_oracle_at_delphi
D:14:     layout_loops_ring, grunt_decor_mini_mirrors, uniq_nessos, uniq_jorgrun
Temple:   minmay_temple_bridge_abc
Lair:1:   layout_loops_ring
Lair:2:   layout_gridlike, minmay_snake_entry_six_corridors
Lair:3:   layout_long_grid, elwin_shoals_entry_rocks
Lair:4:   layout_loops_ring, st_stairs_8, beast_lair_carwin_2
Lair:5:   minmay_lair_end_enchanted_forest, layout_loops_ring, slime_entry_1,
          lemuel_centaur_altar, grunt_megastairs_5, serial_bayou_shore_b,
          serial_bayou_shore_b
Orc:1:    layout_diamond_mine, serial_shops, shop, basic_altar, uniq_harold
Orc:2:    grunt_orc_tribal_feast, layout_caves, serial_shops,
          nicolae_shop_tiny_statue_garden, special_room

Skill      XL: |  1  2  3  4  5  6  7  8  9 10 11 12 13 14 15 |
---------------+----------------------------------------------+-----
Short Blades   | 2 3 4 5 7 |  7.9
Fighting       | 2 3 4 5 6 7 8 9 10 11 12 | 12.4
Dodging        | 2 3 4 5 6 7 8 9 10 11 | 11.4
Polearms       | 4 6 8 10 12 13 14 | 14.0
Shields        | 3 5 6 8 |  8.0
Armour         | 1 4 6 |  6.2
Invocations    | 3 6 |  6.7
Throwing       | |  0.8
Spellcasting   | |  2.1
Translocations | |  3.0

Action                     |  1- 3 |  4- 6 |  7- 9 | 10-12 | 13-15 | 16-18 || total
---------------------------+-------+-------+-------+-------+-------+-------++-------
  Melee: Short sword       |    80 |   125 |   327 |       |       |       ||   532
         Bite              |    21 |    40 |   159 |   158 |   544 |    28 ||   950
         Dagger            |    39 |    23 |       |       |       |       ||    62
         Punch             |       |       |     5 |       |       |       ||     5
         Trident           |       |       |   128 |   539 |  1350 |    78 ||  2095
   Cast: Blink             |       |       |       |     1 |       |       ||     1
 Invoke: Line Pass         |       |       |       |     1 |     1 |     1 ||     3
         Grand Finale      |       |       |       |       |     1 |       ||     1
  Evoke: Wand              |       |       |     3 |     1 |       |       ||     4
    Use: Scroll            |     3 |     5 |    15 |     5 |     6 |       ||    34
         Potion            |       |       |     1 |       |     1 |       ||     2
   Stab: Sleeping          |     1 |     1 |     1 |       |     5 |       ||     8
         Invisible         |       |       |     3 |       |       |       ||     3
         Paralysed         |       |       |    12 |    28 |   111 |     4 ||   155
         Distracted        |       |       |       |     2 |       |     1 ||     3
 Armour: Leather armour    |    52 |    95 |   212 |    23 |       |       ||   382
         Acid dragon scale |       |       |       |   219 |   501 |    36 ||   756
  Dodge: Dodged            |    72 |    97 |   208 |   264 |   578 |    26 ||  1245
  Block: Buckler           |       |       |     1 |   101 |   302 |    16 ||   420
         Reflection        |       |       |       |       |       |     2 ||     2
